 Dungeon Crawl Stone Soup version 0.29.0-13-gc9e81de378 (webtiles) character file.

Game seed: 8841211882307866007

263 bande the Chopper (level 6, 0/50 (53) HPs)
             Began as a Hill Orc Fighter on Sept 9, 2022.
             Slain by Crazy Yiuf
             ... wielding a +3 quarterstaff of chaos
              (3 damage)
             ... on level 4 of the Dungeon.
             The game lasted 00:06:48 (4284 turns).

bande the Chopper (Hill Orc Fighter)                Turns: 4284, Time: 00:06:48

HP:   0/50 (53)     AC:  7    Str: 19    XL:     6   Next: 19%
MP:   6/6           EV:  9    Int:  8    God:
Gold: 135           SH:  5    Dex: 12    Spells: 5/5 levels left

rFire   . . .      SeeInvis .   a - +0 war axe
rCold   . . .      Faith    .   c - +0 buckler
rNeg    . . .      Spirit   .   b - +0 scale mail
rPois   .          Reflect  .   (no helmet)
rElec   .          Harm     .   (no cloak)
rCorr   .          Rampage  .   (no gloves)
Will    ++...                   (no boots)
Stlth   ..........              y - amulet of regeneration
HPRegen 0.96/turn               q - ring of willpower
MPRegen 0.10/turn               j - ring of willpower

@: drained
A: no striking features
a: no special abilities


You were on level 4 of the Dungeon.
You visited 1 branch of the dungeon, and saw 4 of its levels.

You collected 135 gold pieces.

Inventory:

Hand Weapons
 a - a +0 war axe (weapon)
 x - a +0 flail
Armour
 b - a +0 scale mail (worn)
 c - a +0 buckler (worn)
Jewellery
 g - a +6 ring of strength
 h - an amulet of faith
 j - a ring of willpower (right hand)
 q - a ring of willpower (left hand)
 u - an amulet of magic regeneration
 y - an amulet of regeneration (around neck)
 z - a ring of willpower
Wands
 s - a wand of mindburst (16)
 v - a wand of flame (23)
Scrolls
 e - 4 scrolls of teleportation {unknown}
 n - a scroll of noise {unknown}
 o - 5 scrolls of identify {unknown}
 p - a scroll of magic mapping {unknown}
 r - a scroll of acquirement {unknown}
Potions
 d - 3 potions of might
 f - 3 potions of ambrosia {unknown}
 i - a potion of mutation {unknown}
 k - a potion of flight {unknown}
 l - 3 potions of curing {unknown}
 m - a potion of brilliance {unknown}
 t - 2 potions of heal wounds {unknown}
 w - a potion of degeneration {unknown}


   Skills:
 + Level 4.5 Fighting
 + Level 5.8 Axes
 + Level 4.4 Armour
 - Level 0.1 Stealth
 + Level 3.9 Shields
 * Level 1.4 Evocations


You had 5 spell levels left.
You didn't know any spells.
Your spell library contained the following spells:

 Spells                   Type           Power      Damage    Failure   Level
 Necrotise                Necr           0%         1d4       86%         1
 Slow                     Hex            0%         N/A       86%         1
 Sublimation of Blood     Necr           0%         N/A       94%         2
 Confusing Touch          Hex            0%         N/A       99%         3
 Vampiric Draining        Necr           0%         2d6       99%         3
 Petrify                  Tmut/Erth      0%         N/A       100%        4
 Agony                    Necr           0%         N/A       100%        5
 Irradiate                Conj/Tmut      0%         3d11      100%        5


Dungeon Overview and Level Annotations

Branches:
Dungeon (4/15)
 Temple: D:4-7

Altars:
Trog
Uskayaw

Annotations:
D:4 Crazy Yiuf


Message History

You pick up a book of Alchemy and begin reading...
You add the spells Sublimation of Blood, Petrify and Irradiate to your library.
You see here 5 stones.
You see here 4 stones.
Crazy Yiuf shouts!
Crazy Yiuf glowers.
Could not explore, unopened runed door.
You open the door. You closely miss Crazy Yiuf.
Crazy Yiuf screams, "Mugger King leg!"
Crazy Yiuf barely misses you.
You hit Crazy Yiuf.
Crazy Yiuf is lightly wounded.
You block Crazy Yiuf's attack.
You hit Crazy Yiuf but do no damage.
Crazy Yiuf is lightly wounded.
Crazy Yiuf hits you with a +3 quarterstaff of chaos! x2
You feel drained.
You closely miss Crazy Yiuf.
Crazy Yiuf is lightly wounded.
Crazy Yiuf hits you with a +3 quarterstaff of chaos.
You hit Crazy Yiuf but do no damage.
Crazy Yiuf is lightly wounded.
Crazy Yiuf hits you but does no damage.
You barely miss Crazy Yiuf.
Crazy Yiuf is lightly wounded.
Crazy Yiuf hits you with a +3 quarterstaff of chaos.
Crazy Yiuf freezes you.
You hit Crazy Yiuf but do no damage.
Crazy Yiuf is lightly wounded.
Crazy Yiuf hits you with a +3 quarterstaff of chaos!
You feel drained.
Crazy Yiuf hits you with a +3 quarterstaff of chaos!
* * * LOW HITPOINT WARNING * * *
You are electrocuted!
* * * LOW HITPOINT WARNING * * *
You closely miss Crazy Yiuf.
Crazy Yiuf is lightly wounded.
Crazy Yiuf hits you with a +3 quarterstaff of chaos.
You die...

#.##.# #.#
##...## #.##.#
#.# ##.## #.##.#
#.# #.# #.##.#
### #.# #.##.#
#.# #.##.# #.##
#.##.### ###
♣♣##..# #......#
#)..#♣♣ ♣♣..#..#
##.###.###
#...g@♣♣♣♣......#
...# #...#
#...#♣..♣......##
##.###.### ###
♣♣♣.♣...###
#.....# ♣♣♣♣♣##
#######


You could see Crazy Yiuf.

Vanquished Creatures
  A scorpion (D:4)
  A jelly (D:4)
  Terence (D:3)
  2 gnolls (D:3)
  2 adders
  2 worms
  3 dart slugs
  3 orcs
  10 ball pythons
  4 endoplasms
  2 giant cockroaches
  12 goblins
  8 hobgoblins
  8 jackals
  8 kobolds
  6 quokkas
  7 bats
  3 frilled lizards (D:1)
  9 rats
92 creatures vanquished.

Vanquished Creatures (others)
  3 fungi (D:1)
  2 plants (D:1)
5 creatures vanquished.

Grand Total: 97 creatures vanquished

Notes
Turn   | Place    | Note
-------+----------+-------------------------------------------
     0 | D:1      | bande the Hill Orc Fighter began the quest for the Orb.
     0 | D:1      | Reached XP level 1. HP: 19/19 MP: 1/1
   163 | D:1      | Reached XP level 2. HP: 25/27 MP: 2/2
   257 | D:1      | Reached skill level 3 in Axes
   495 | D:1      | Reached XP level 3. HP: 29/33 MP: 3/3
  1128 | D:1      | Found a faded altar of an unknown god.
  1397 | D:2      | Reached skill level 4 in Axes
  1397 | D:2      | Reached XP level 4. HP: 28/40 MP: 4/4
  1546 | D:2      | You fall into a shaft and drop 2 floors!
  2301 | D:3      | Found a bloodstained altar of Trog.
  2809 | D:3      | Reached XP level 5. HP: 44/46 MP: 5/5
  3046 | D:3      | Noticed Terence
  3053 | D:3      | Killed Terence
  3054 | D:3      | Reached skill level 5 in Axes
  3131 | D:4      | Found a runed translucent door.
  3132 | D:4      | Noticed Crazy Yiuf
  3175 | D:4      | Reached skill level 1 in Evocations
  3574 | D:4      | Reached XP level 6. HP: 44/53 MP: 6/6
  4115 | D:4      | Found a hide-covered altar of Uskayaw.
  4283 | D:4      | HP: 2/50 [Crazy Yiuf/+3 quarterstaff of chaos (13)]
  4284 | D:4      | Slain by Crazy Yiuf

Illustrated notes

Levels and vault maps discovered:
D:1:      dpeg_arrival_three_same_balls, layout_loops_corners,
          shapermc_ecumenical_altar_petra
D:2:      layout_basic
D:3:      layout_rooms, trog_antimagical, uniq_terence
D:4:      layout_loops_ring, kennysheep_little_box, uniq_crazy_yiuf_cottage

Skill      XL: |  1  2  3  4  5 |
---------------+----------------+-----
Axes           | 3 4 5 |  5.8
Fighting       | 4 |  4.5
Armour         | 4 |  4.4
Evocations     | 1 |  1.4
Stealth        | |  0.1
Shields        | |  3.9

Action                   |  1- 3 |  4- 6 || total
-------------------------+-------+-------++-------
Melee: War axe           |   112 |   118 ||   230
Armor: Scale mail        |    48 |    48 ||    96
Dodge: Dodged            |    45 |    54 ||    99
Block: Buckler           |    20 |    21 ||    41
